 Dungeon Crawl Stone Soup version 0.31-a0-632-g766dd24fdf (webtiles) character file.

Game seed: 16209595905777053676

349 ytrimaz the Insei (level 6, 0/20 HPs)
             Began as a Demonspawn Shapeshifter on Aug 25, 2023.
             Killed from afar by an orc wizard (10 damage)
             ... with a magic dart
             ... on level 3 of the Dungeon.
             The game lasted 00:03:09 (2770 turns).

ytrimaz the Insei (Demonspawn Shapeshifter)         Turns: 2770, Time: 00:03:10

Health: 0/20       AC:  0    Str: 15    XL:     6   Next: 33%
Magic:  6/6        EV: 14    Int:  9    God:
Gold:   115        SH:  0    Dex: 16    Spells: 5/5 levels left

rFire   + .          .
                       - Unarmed
rCold   . . .        (no shield)
rNeg    . . .        a - melded +0 animal skin
rPois   .            (no helmet)
rElec   .            (no cloak)
rCorr   .            (no gloves)
SInv    .            (no boots)
Will    .....        (no amulet)
Stlth   +            b - ring of protection from fire
HPRegen 1.23/turn    (no ring)
MPRegen 0.10/turn

%: no passive effects
@: maw-form
A: devouring maw, reduced hp, claws 1, repulsion field 1, foul stench 1, powered
by death 1
a: Begin Untransformation


You were on level 3 of the Dungeon.
You were a creature with a mouth for a stomach.
You visited 1 branch of the dungeon, and saw 3 of its levels.

You collected 169 gold pieces.
You spent 54 gold pieces at shops.


Innate Abilities, Weirdness & Mutations

You are a creature with a mouth for a stomach.
Your midsection houses a second, enormous mouth.
Your maximum health is decreased, since you lack skill for your form.
You have sharp fingernails.
You are surrounded by a mild repulsion field. (EV +2)
You may rarely emit foul miasma when damaged in melee.
You regenerate a little health from kills.


   Skills:
 - Level 1.0 Fighting
 - Level 1.7 Dodging
 + Level 5.0 Unarmed Combat
 * Level 4.7 Shapeshifting


You had 5 spell levels left.
You didn't know any spells.
Your spell library was empty.

Inventory:

Armour
 a - a +0 animal skin (melded)
Jewellery
 b - a ring of protection from fire (left claw)
   (You found it on level 3 of the Dungeon)
Talismans
 c - a beast talisman
 d - a flux talisman
 m - a maw talisman (active)
   (You found it on level 2 of the Dungeon)
Scrolls
 e - a scroll of amnesia {unknown}
 g - a scroll of silence {unknown}
 h - a scroll of summoning {unknown}
 i - a scroll of teleportation {unknown}
 n - a scroll of vulnerability {unknown}
 o - 2 scrolls of poison {unknown}
 p - 3 scrolls of identify {unknown}
 q - a scroll of immolation {unknown}
 s - a scroll of enchant armour {unknown}
Potions
 f - a potion of degeneration {unknown}
 j - a potion of might
 k - a potion of curing
 l - a potion of attraction {unknown}
 r - a potion of brilliance {unknown}

Dungeon Overview and Level Annotations

Branches:
Dungeon (3/15) Zot: 15234

Altars:

Shops:
D:2

* #.# ##.## #...# ... ... #.# .
#{# #. #W# ## #.### ##'## #..
...# ##...## #.# #.## ##.....##
#.## #..## ##.......## #..##
#####...####..)......####...#####
...........'.........+...........
#.......####.........####...#####
#.###...# ##.......## #..##


There were no monsters in sight!


Message History

You take 3 damage, and now have 16/19 hp.
You scratch the ball python.
You devour the ball python!
You feel better.
You kill the ball python! 😕 HP[+2]
You regained 2 hp, and now have 18/19 hp.
No target in view! 😎 HP[+1]
Your hp is fully restored (19).
No target in view!
q - a scroll labelled TOENUJ DAFEROWEICU
There is a stone staircase leading up here.
r - a cyan potion
There is a stone staircase leading up here.
Key pressed, stopping explore.
There is a stone staircase leading down here.
You open the door.
A kobold comes into view. It is wielding a +0 short sword.
The kobold shouts!
A kobold is nearby!
A kobold is nearby!
A kobold is nearby!
A kobold is nearby!
There is an open door here.
The kobold hits you with a +0 short sword. 😮 HP[-5]
You take 5 damage, and now have 14/19 hp.
MASSIVE DAMAGE!! (PAUSE)
You scratch the kobold.
You devour the kobold!
You feel better.
You kill the kobold! 😕 HP[+3]
You regained 3 hp, and now have 17/19 hp.
You see here a +0 short sword.
Unknown command.
You now have 115 gold pieces (gained 8).
s - a scroll labelled KOACOTH TOPEU 😎 HP[+2]
Your hp is fully restored (19).
You open the door.
An orc and an orc priest come into view.
The orc shouts!
An orc comes into view. It is wielding a +0 hand axe.
There are monsters nearby!
There are monsters nearby!
There is an open door here.
The orc priest shouts!
You scratch the orc.
You kill the orc!
You hear a shout!
An orc wizard comes into view. It is wielding a +0 dagger.
The orc hits you with a +0 hand axe.
Things that are here:
a +0 short sword; an orc corpse; 😕 HP[-3]
You take 3 damage, and now have 16/19 hp.
You closely miss the orc. You bite the orc.
The orc hits you with a +0 hand axe. 😮 HP[-3]
You take 3 damage, and now have 13/19 hp.
You are too injured to fight recklessly!
You scratch the orc.
You devour the orc!
You feel better.
You kill the orc!
The orc wizard mumbles some strange words.
The orc wizard flickers and vanishes!
Deactivating autopickup; reactivate with Ctrl-A. 😕 HP[+2]
You regained 2 hp, and now have 15/19 hp.
You scratch the orc priest. Your bite misses the orc priest.
The orc priest hits you with a +0 dagger. 😮 HP[-1]
You take 1 damage, and now have 14/19 hp.
You are too injured to fight recklessly!
Unknown command.
You scratch the orc priest but do no damage.
The orc priest hits you with a +0 dagger.
* * * LOW HITPOINT WARNING * * *
😨 HP[-5]
You take 5 damage, and now have 9/19 hp.
MASSIVE DAMAGE!! (PAUSE)
You claw the orc priest! You bite the orc priest.
You barely miss the orc priest. You bite the orc priest.
The orc priest closely misses you.
Unknown command.
You scratch the orc priest.
You kill the orc priest!
Your Unarmed Combat skill increases to level 5! 😮 HP[+2]
You now have 20 max hp (+1).
You regained 2 hp, and now have 11/20 hp.
You miss something. Your bite misses something. Something hits you.
Unknown command.
You scratch something but do no damage. Your bite misses something.
Something hits you.
* * * LOW HITPOINT WARNING * * *
😨 HP[-2]
You take 2 damage, and now have 9/20 hp.
You scratch something but do no damage.
You hear some strange, mumbled words.
A magic dart appears from out of thin air!
The magic dart hits you!
Ouch! That really hurt!
You die...

Skill      XL: |  1  2  3  4  5  6 |
---------------+-------------------+-----
Unarmed Combat | 3 4 5 |  5.0
Shapeshifting  | 3 4 |  4.7
Fighting       | |  1.0
Dodging        | |  1.7

Action                     |  1- 3 |  4- 6 || total
---------------------------+-------+-------++-------
  Melee: Unarmed           |    79 |    81 ||   160
         Punch             |     2 |     1 ||     3
         Maw               |       |     3 ||     3
    Use: Potion            |       |     3 ||     3
   Stab: Sleeping          |       |     1 ||     1
 Armour: Animal skin       |    21 |     9 ||    30
         Skin              |       |     3 ||     3
  Dodge: Dodged            |    53 |    34 ||    87
   Form: Maw               |       |     1 ||     1

Levels and vault maps discovered:
D:1:      amcnicky_arrival_choice, layout_loops_cross, serial_rivers,
          chequers_serial_rivers_micro_a, chequers_serial_rivers_micro_e,
          chequers_serial_rivers_micro_d, chequers_serial_rivers_small_b,
          chequers_serial_rivers_small_3, chequers_serial_rivers_micro_a
D:2:      layout_basic, serial_shops, shop, chequers_mini_garden,
          minmay_parallelograms, kennysheep_nub, uniq_terence
D:3:      layout_loops_corners, uniq_sigmund

Notes
Turn   | Place    | Note
-------+----------+-------------------------------------------
     0 | D:1      | ytrimaz the Demonspawn Shapeshifter began the quest for the
                  | Orb.
     0 | D:1      | Reached XP level 1. HP: 15/15 MP: 1/1
     0 | D:1      | magus.rc [v1.9.6]
   379 | D:1      | Reached skill level 3 in Unarmed Combat
   379 | D:1      | Gained mutation: You may rarely emit foul miasma when
                  | damaged in melee. [demonic ancestry]
   379 | D:1      | Reached XP level 2. HP: 17/21 MP: 2/2
   525 | D:1      | Reached skill level 3 in Shapeshifting
   845 | D:2      | Gained mutation: You have sharp fingernails. [demonic
                  | ancestry]
   845 | D:2      | Reached XP level 3. HP: 24/26 MP: 3/3
   977 | D:2      | Found Naoklemo's Assorted Antiques.
   984 | D:2      | Bought 2 clear potions for 54 gold pieces
  1494 | D:2      | Noticed Terence
  1501 | D:2      | Killed Terence
  1726 | D:3      | Gained mutation: You regenerate a little health from kills.
                  | [demonic ancestry]
  1726 | D:3      | Reached XP level 4. HP: 29/32 MP: 4/4
  2129 | D:3      | Noticed Sigmund
  2147 | D:3      | Killed Sigmund
  2148 | D:3      | Reached skill level 4 in Unarmed Combat
  2148 | D:3      | Reached skill level 4 in Shapeshifting
  2148 | D:3      | Reached XP level 5. HP: 16/37 MP: 5/5
  2151 | D:3      | HP: 13/55 [poisoned by Sigmund]
  2333 | D:3      | HP: 9/37 [orc wizard/+0 dagger (2)]
  2342 | D:3      | Gained mutation: You are surrounded by a mild repulsion
                  | field. (EV +2) [demonic ancestry]
  2342 | D:3      | Reached XP level 6. HP: 16/43 MP: 6/6
  2768 | D:3      | Reached skill level 5 in Unarmed Combat
  2770 | D:3      | Killed from afar by an orc wizard

Vanquished Creatures
  Sigmund (D:3)
  An orc priest (D:3)
  Terence (D:2)
  2 orc wizards (D:3)
  An adder (D:3)
  A worm (D:2)
  2 dart slugs
  6 orcs (D:3)
  2 endoplasms
  2 giant cockroaches
  9 goblins
  4 hobgoblins
  3 jackals (D:2)
  2 quokkas
  7 ball pythons
  5 bats
  4 frilled lizards
  7 kobolds
  2 rats
62 creatures vanquished.

Table legend:
 A = Non-vault XP
 B = Vault XP
 C = Vault XP percentage of total XP
 D = Non-vault monster count
 E = Vault monster count
 F = Vault count percentage of total count
                 A         B        C        D         E       F
            +---------+---------+-------+---------+---------+-------
      Total |     230 |     269 |  53.9 |      60 |       2 |   3.2
            +---------+---------+-------+---------+---------+-------
        D:1 |      28 |       0 |   0.0 |      17 |       0 |   0.0
        D:2 |      29 |      38 |  56.7 |      14 |       1 |   6.7
        D:3 |     173 |     231 |  57.2 |      29 |       1 |   3.3
            +---------+---------+-------+---------+---------+-------

Skill      XL: |  1  2  3  4  5  6 |
---------------+-------------------+-----
Unarmed Combat | 3 4 5 |  5.0
Shapeshifting  | 3 4 |  4.7
Fighting       | |  1.0
Dodging        | |  1.7

Action                     |  1- 3 |  4- 6 || total
---------------------------+-------+-------++-------
  Melee: Unarmed           |    79 |    81 ||   160
         Punch             |     2 |     1 ||     3
         Maw               |       |     3 ||     3
    Use: Potion            |       |     3 ||     3
   Stab: Sleeping          |       |     1 ||     1
 Armour: Animal skin       |    21 |     9 ||    30
         Skin              |       |     3 ||     3
  Dodge: Dodged            |    53 |    34 ||    87
   Form: Maw               |       |     1 ||     1

Illustrated notes

Table legend:
 A = Kills in this place as a percentage of kills in the entire game.
 B = Kills by you in this place as a percentage of kills by you in the entire game.
 C = Kills by friends in this place as a percentage of kills by friends in the entire game.
 D = Other kills in this place as a percentage of other kills in the entire game.
 E = Experience gained in this place as a percentage of experience gained in the entire game.
 F = Experience gained in this place divided by the number of levels of this place that you have seen.
                   A       B       C       D       E      F
               +-------+-------+-------+-------+-------+----------------------
         Total | 100.0 | 100.0 |   N/A |   N/A | 100.0 | 166.3
       Dungeon | 100.0 | 100.0 |   N/A |   N/A | 100.0 | 166.3
               +-------+-------+-------+-------+-------+----------------------

Table legend: (Time is in decaauts)
 A = Elapsed time spent in this place.
 B = Non-inter-level travel time spent in this place.
 C = Inter-level travel time spent in this place.
 D = Time resting spent in this place.
 E = Time spent auto-exploring this place.
 F = Levels seen in this place.
 G = Mean time per level.
                   A        B        C        D        E       F      G
               +--------+--------+--------+--------+--------+-----+--------+
         Total |   2765 |   2668 |     97 |     27 |   2220 |   3 |  921.7 |
       Dungeon |   2765 |   2668 |     97 |     27 |   2220 |   3 |  921.7 |
               +--------+--------+--------+--------+--------+-----+--------+

Top non-repeatable levels by time:
     D:3: 1081 daAuts
     D:2: 922 daAuts
     D:1: 761 daAuts
